 Dungeon Crawl Stone Soup version 0.28-a0-1159-g27aa881441 (webtiles) character file.

Game seed: 13665439524754336050

508 fragbeetle the Ruffian (level 6, -8/47 HPs)
             Began as a Draconian Transmuter on Dec 15, 2021.
             Killed by divine providence
             ... invoked by an orc priest
              (13 damage)
             ... on level 4 of the Dungeon.
             The game lasted 00:14:18 (3939 turns).

fragbeetle the Ruffian (Draconian Transmuter)       Turns: 3939, Time: 00:14:19

Health: -8/47      AC:  2    Str: 14    XL:     6   Next: 98%
Magic:  8/10       EV: 19    Int: 19    God:
Gold:   133        SH:  0    Dex: 17    Spells: 3/11 levels left

rFire   . . .      SeeInvis .     - Unarmed
rCold   + . .      Faith    .   (shield currently unavailable)
rNeg    . . .      Spirit   .   (armour unavailable)
rPois   x          Reflect  .   (helmet currently unavailable)
rElec   .          Harm     .   (cloak currently unavailable)
rCorr   .          Rampage  .   (gloves currently unavailable)
Will    .....                   (boots currently unavailable)
Stlth   ++........              (no amulet)
HPRegen 0.15/turn               g - ring of protection from cold
MPRegen 0.12/turn               b - +6 ring of intelligence

@: spider-form (expiring)
A: venomous fangs, AC +6, tiny, unfitting armour, (cold-blooded)
a: End Transformation


You were on level 4 of the Dungeon.
You were a venomous arachnid creature.
You visited 1 branch of the dungeon, and saw 4 of its levels.
You also visited: Sewer.

You collected 133 gold pieces.

Inventory:

Hand Weapons
 k - a +0 dagger of protection
Missiles
 m - 70 stones
 r - 2 poisoned darts
 s - 2 boomerangs
Jewellery
 b - a +6 ring of intelligence (right front leg)
 g - a ring of protection from cold (left front leg)
Wands
 o - a wand of charming (9)
Scrolls
 c - a scroll of silence {unknown}
 d - 2 scrolls of blinking {unknown}
 e - 2 scrolls of enchant weapon {unknown}
 h - 4 scrolls of identify {unknown}
 j - 4 scrolls of teleportation {unknown}
 n - a scroll of immolation {unknown}
 q - a scroll of fear {unknown}
Potions
 a - 3 potions of invisibility
 f - 4 potions of haste {unknown}
 i - a potion of lignification {unknown}
 l - a potion of attraction {unknown}
 p - 2 potions of brilliance {unknown}


   Skills:
 + Level 1.5 Fighting
 + Level 2.5 Dodging
 + Level 0.3 Stealth
 * Level 5.7 Unarmed Combat
 + Level 3.1 Spellcasting
 * Level 3.8 Transmutations
 * Level 0.1 Ice Magic
 * Level 1.7 Poison Magic


You had 3 spell levels left.
You knew the following spells:

 Your Spells              Type           Power      Damage    Failure   Level
a - Beastly Appendage     Tmut           34%        N/A       11%         1
b - Spider Form           Tmut/Pois      13%        N/A       32%         3
c - Ice Form              Ice/Tmut       10%        N/A       75%         4

Your spell library contained the following spells:

 Spells                   Type           Power      Damage    Failure   Level
 Wereblood                Tmut           17%        N/A       14%         2
 Foxfire                  Conj/Fire      8%         2x1d4     34%         1
 Conjure Flame            Conj/Fire      2%         6-21      63%         3
 Inner Flame              Hex/Fire       2%         N/A       63%         3
 Flame Wave               Conj/Fire      2%         2d4       94%         4


Dungeon Overview and Level Annotations

Branches:
Dungeon (4/15)              Sewer (visited)
 Temple: D:4-7

Altars:
Ashenzari
Cheibriados
Hepliaklqana
Uskayaw
Vehumet
Wu Jian

Shops:
D:3 [

Annotations:
D:4 3 runed translucent doors, fragbeetle's ghost, amateur DrTm; spaghetti's ghost, weakling OgDe


Innate Abilities, Weirdness & Mutations

You are a venomous arachnid creature.
You have poisonous fangs.
You are tiny and dextrous.
Your spellcasting is less reliable in this form.
Your armour is entirely melded.
You are incapable of wielding weapons or throwing items.
((Your plain brown scales are hard. (AC +6)))
You cannot fit into any form of body armour.
((You are cold-blooded and may be slowed by cold attacks.))


Message History

The adder is heavily wounded.
The adder barely misses you.
You punch the adder!
You kill the adder!
You now have 133 gold pieces (gained 3).
Your horns disappear.
Your talons disappear.
An orc priest comes into view. It is wielding a +0 flail.
The orc priest shouts!
You hear a shout! x3
Found 5 gold pieces.
An orc priest comes into view. It is wielding a +0 flail.
Casting: Beastly Appendage (safe; 3% risk of failure)
Confirm with . or Enter, or press ? or * to list all spells.
You turn into a venomous arachnid creature.
An orc priest and an orc wizard come into view.
The orc priest shouts!
The orc priest miscasts a cantrip.
You hit the orc priest.
The orc priest is poisoned.
The orc priest is moderately wounded.
The orc priest mumbles some strange prayers to Beogh against you.
Beogh smites you!
You barely miss the orc priest.
The orc priest is moderately wounded.
The orc priest calls down the wrath of Beogh upon you.
Beogh smites you!
The orc priest hits you with a +0 flail!
You bite the orc priest!
You kill the orc priest!
A black bear comes into view.
The orc priest mumbles some strange prayers to Beogh against you.
Beogh smites you!
* * * LOW HITPOINT WARNING * * *
Unknown command.
An orc priest comes into view. It is wielding a +0 hand axe.
The orc priest casts a cantrip, but nothing happens.
The orc priest calls down the wrath of Beogh upon you.
You barely resist.
Your transformation is almost over.
The orc priest invokes the aid of Beogh against you.
Beogh smites you!
You die...

$....o.o.o..........##......#
......##.#o#.###....##)...#
.........#.#.# #.##....#
......##.#.#.. #.......#
..... ..#o#### #<##...###
.... ###...### ####...#.# ...
#..⌠...### ###...###### ..
##........#####........... #
#........s.)..###<#.###..#
##........⌠.##...###......#
#.....#.....#..⌠...#####..#
#.⌠........##........###...
#...........#.............##
#.#........##........⌠.##...
#.###...⌠..#.....#.....#....
# ###...##.⌠........##....
###.#...........#.....


You could see an orc priest.

Vanquished Creatures
  A black bear (D:4)
  A kobold brigand (Sewer)
  An orc priest (D:4)
  A hound (D:3)
  2 orc wizards (D:3)
  Robin (D:3)
  9 adders
  2 river rats (Sewer)
  5 worms
  4 dart slugs (D:1)
  7 orcs
  10 endoplasms
  3 giant cockroaches (D:1)
  13 goblins
  5 hobgoblins
  5 jackals
  11 ball pythons
  10 bats
  4 frilled lizards
  9 kobolds
  10 rats
114 creatures vanquished.

Notes
Turn   | Place    | Note
-------+----------+-------------------------------------------
     0 | D:1      | fragbeetle the Draconian Transmuter began the quest for the
                  | Orb.
     0 | D:1      | Reached XP level 1. HP: 16/16 MP: 3/3
    47 | D:1      | Reached XP level 2. HP: 17/23 MP: 3/5
   345 | D:1      | Reached XP level 3. HP: 28/28 MP: 6/6
   381 | D:1      | Found a faded altar of an unknown god.
   467 | D:1      | Learned a level 3 spell: Spider Form
  1372 | D:2      | Reached skill level 4 in Unarmed Combat
  1372 | D:2      | Reached XP level 4. HP: 29/35 MP: 5/7
  1862 | D:3      | Found a snail-covered altar of Cheibriados.
  1862 | D:3      | Found a hazy altar of Hepliaklqana.
  1862 | D:3      | Found a hide-covered altar of Uskayaw.
  1862 | D:3      | Found an ornate altar of the Wu Jian Council.
  1868 | D:3      | Found a broken altar of Ashenzari.
  1868 | D:3      | Found a radiant altar of Vehumet.
  1982 | D:3      | Found a glowing drain.
  1998 | Sewer    | Entered a sewer
  2387 | Sewer    | Reached XP level 5. HP: 40/40 MP: 6/8
  2392 | Sewer    | Learned a level 4 spell: Ice Form
  2576 | Sewer    | Reached skill level 5 in Unarmed Combat
  2576 | Sewer    | Reached skill level 1 in Poison Magic
  2803 | D:3      | Found Zuirph's Armour Boutique.
  2816 | D:3      | Noticed Robin
  2836 | D:3      | Killed Robin
  2837 | D:3      | Reached XP level 6. HP: 21/47 MP: 6/10
  3280 | D:4      | Found a runed translucent gate.
  3280 | D:4      | Found a runed translucent gate.
  3280 | D:4      | Found a runed translucent gate.
  3280 | D:4      | Noticed fragbeetle's ghost (amateur DrTm)
  3281 | D:4      | Noticed spaghetti's ghost (weakling OgDe)
  3939 | D:4      | Killed from afar by an orc priest

Illustrated notes

Levels and vault maps discovered:
D:1:      dpeg_arrival_simpleton_c, layout_basic,
          chequers_ecumenical_altar_simple
D:2:      layout_loops_ring
D:3:      layout_loops_ring, minmay_overflow_temple_hex,
          cheibrodos_sewer_entry_sluice, serial_shops, shop, uniq_robin
D:4:      minmay_skewed_foursquare, layout_basic,
          nicolae_overflow_crystal_walls, gammafunk_ghost_cemetery,
          chequers_garden, minivault_5, corexii_item_surrounded_by_moat,
          hangedman_decor_diamond_cutter, nicolae_wormholes

Skill      XL: |  1  2  3  4  5  6 |
---------------+-------------------+-----
Dodging        | 2 |  2.5
Unarmed Combat | 4 5 |  5.7
Transmutations | 3 |  3.8
Poison Magic   | 1 |  1.7
Spellcasting   | 3 |  3.1
Fighting       | |  1.5
Stealth        | |  0.3
Ice Magic      | |  0.1

Action                   |  1- 3 |  4- 6 || total
-------------------------+-------+-------++-------
Melee: Unarmed           |   131 |   180 ||   311
       Kick              |    24 |    27 ||    51
       Headbutt          |    21 |    25 ||    46
       Tailslap          |     7 |    17 ||    24
       Punch             |     3 |     2 ||     5
 Cast: Beastly Appendage |    26 |    26 ||    52
       Spider Form       |       |     5 ||     5
  Use: Potion            |       |     1 ||     1
 Stab: Invisible         |       |     2 ||     2
Armor: Skin              |    41 |    55 ||    96
Dodge: Dodged            |    80 |   143 ||   223

Table legend: (Time is in decaauts)
 A = Elapsed time spent in this place.
 B = Non-inter-level travel time spent in this place.
 C = Inter-level travel time spent in this place.
 D = Time resting spent in this place.
 E = Time spent auto-exploring this place.
 F = Levels seen in this place.
 G = Mean time per level.
                   A        B        C        D        E       F      G
               +--------+--------+--------+--------+--------+-----+--------+
         Total |   3975 |   3852 |    123 |    961 |   1445 |   5 |  795.0 |
       Dungeon |   3293 |   3170 |    123 |    683 |   1445 |   4 |  823.2 |
         Sewer |    682 |    682 |      0 |    278 |      0 |   1 |  682.0 |
               +--------+--------+--------+--------+--------+-----+--------+

Top non-repeatable levels by time:
     D:3: 1365 daAuts
     D:2: 925 daAuts
     D:1: 763 daAuts
   Sewer: 682 daAuts
     D:4: 238 daAuts
